 Dungeon Crawl Stone Soup version 0.32-a0-136-gc02482bde3 (webtiles) character file.

Game seed: 17913614907176611644

1321 Asceticacid the Skirmisher (level 8, -3/64 HPs)
             Began as a Gnoll Hunter on Feb 10, 2024.
             Slain by a killer bee (5 damage)
             ... on level 6 of the Dungeon.
             The game lasted 00:08:40 (4929 turns).

Asceticacid the Skirmisher (Gnoll Hunter)           Turns: 4929, Time: 00:08:41

Health: -3/64      AC: 12    Str: 10 (12) XL:     8   Next: 59%
Magic:  0/13       EV: 10    Int:  6 (8)  God:
Gold:   181        SH:  0    Dex: 16 (17) Spells: 14/14 levels left

rFire   . . .        b - +0 whip (elec)
rCold   . . .        (no shield)
rNeg    . . .        p - +0 scale mail
rPois   .            k - +0 helmet
rElec   .            (no cloak)
rCorr   .            (no gloves)
SInv    +            (no boots)
Will    .....        f - amulet of guardian spirit
Stlth   +            o - +4 ring of protection
HPRegen 0.30/turn    n - ring of see invisible
MPRegen 0.13/turn

%: guardian spirit
@: mighty
A: fangs 1, strong nose, distributed training
a: no special abilities


You were on level 6 of the Dungeon.
You visited 1 branch of the dungeon, and saw 7 of its levels.

You collected 181 gold pieces.

Inventory:

Hand Weapons
 a - a +0 shortbow of chaos
 b - a +0 whip of electrocution (weapon)
 i - a +2 dagger of draining
Armour
 k - a +0 helmet (worn)
 p - a +0 scale mail (worn)
Jewellery
 f - an amulet of guardian spirit (around neck)
 h - a +6 ring of strength
 n - a ring of see invisible (right hand)
 o - a +4 ring of protection (left hand)
 u - a +6 ring of intelligence
Wands
 l - a wand of paralysis (4)
Scrolls
 d - 3 scrolls of noise
 q - a scroll of revelation
 w - 2 scrolls of butterflies
 y - a scroll of teleportation {unknown}
Potions
 c - 2 potions of enlightenment
 e - a potion of invisibility
 r - a potion of degeneration
 x - a potion of might


   Skills:
 + Level 5.8 Fighting
 + Level 3.5 Short Blades
 + Level 3.5 Long Blades
 + Level 3.5 Axes
 + Level 3.5 Maces & Flails
 + Level 3.5 Polearms
 + Level 3.5 Staves
 + Level 9.3 Ranged Weapons
 + Level 3.5 Throwing
 + Level 3.5 Armour
 + Level 5.8 Dodging
 + Level 4.3 Stealth
 + Level 3.5 Shields
 + Level 3.5 Unarmed Combat
 + Level 3.5 Spellcasting
 + Level 2.9 Conjurations
 + Level 2.9 Hexes
 + Level 2.9 Summonings
 + Level 2.9 Necromancy
 + Level 2.9 Translocations
 + Level 2.9 Fire Magic
 + Level 2.9 Ice Magic
 + Level 2.9 Air Magic
 + Level 2.9 Earth Magic
 + Level 2.9 Alchemy
 + Level 3.9 Invocations
 + Level 3.5 Evocations
 + Level 3.2 Shapeshifting


You had 14 spell levels left.
You didn't know any spells.
Your spell library contained the following spells:

 Spells                   Type           Power      Damage    Failure   Level
 Freeze                   Ice            16%        1d4       54%         1
 Magic Dart               Conj           16%        1d3       54%         1
 Searing Ray              Conj           8%         2d4       69%         2
 Frozen Ramparts          Ice            8%         1d2       89%         3
 Hailstorm                Conj/Ice       4%         3d5       89%         3
 Tukima's Dance           Hex            4%         N/A       89%         3
 Dimensional Bullseye     Hex/Tloc       2%         N/A       100%        4
 Fulminant Prism          Conj/Alch      2%         3d5       100%        4
 Iskenderun's Mystic Bla  Conj/Tloc      4%         2d3       100%        4


Dungeon Overview and Level Annotations

Branches:
Dungeon (7/15)             Temple (0/1) D:7

Altars:

Shops:
D:1 *   D:7 =

Annotations:
D:6 Jeremiah


Innate Abilities, Weirdness & Mutations

You have very sharp teeth.
Your uncanny sense of smell can sniff out nearby items.
Your experience applies equally to all skills.


Message History

* * * LOW HITPOINT WARNING * * *
* * * LOW HITPOINT WARNING * * *
You feel sick.
Okay, then.
You feel much better.
You flicker back into view.
You feel sick. The killer bee barely misses you. The killer bee stings you.
You are more poisoned.
The killer bee poisons you! The killer bee barely misses you. x2
The killer bee stings you but does no damage.
You feel sick.
The killer bee stings you but does no damage. x2
You feel sick.
The killer bee attacks as it pursues you!
The killer bee barely misses you.
The killer bee stings you but does no damage. x2
You feel sick.
The killer bee stings you but does no damage.
You feel sick.
The killer bee attacks as it pursues you!
The killer bee stings you but does no damage.
You can't go up here!
You feel sick.
There is a stone staircase leading up here.
You feel sick. The killer bee barely misses you.
The killer bee stings you but does no damage.
The killer bee stings you.
* * * LOW HITPOINT WARNING * * *
The killer bee barely misses you. The killer bee stings you!
* * * LOW HITPOINT WARNING * * *
You climb upwards.
Level annotation: Jeremiah You feel sick.
You are no longer poisoned.
There is a stone staircase leading down here.
You miss the killer bee. You bite the killer bee.
The killer bee is moderately wounded.
The killer bee stings you but does no damage.
The killer bee barely misses you. The killer bee stings you!
You die...

........##...[.......#
###########..###.....#
#..###.....#
#........###
###.######.#
##.......##..
##.........##.. ..
#.y.......... #.
#.y@....)...# ##
#...........#
##.........##
##<..#...## #########


You could see 2 killer bees.

Vanquished Creatures
  A wyvern (D:7)
  A steam dragon (D:6)
  An ice beast (D:5)
  An ogre (D:4)
  A phantom (D:6)
  A gnoll sergeant (D:4)
  A scorpion (D:4)
  A water moccasin skeleton (D:4)
  A killer bee (D:7)
  A howler monkey (D:5)
  A centaur zombie (D:4)
  A bullfrog zombie (D:4)
  4 hounds
  2 jellies (D:4)
  3 iguanas (D:5)
  An orc wizard (D:4)
  6 gnolls
  4 adders
  2 adder skeletons (D:4)
  2 adder zombies (D:4)
  A dart slug (D:4)
  4 ribbon worms
  10 orcs
  5 bats
  6 endoplasms
  5 giant cockroaches
  11 goblins
  8 hobgoblins
  3 jackals (D:1)
  3 quokkas
  7 ball pythons
  2 frilled lizards (D:3)
  8 kobolds
  4 rats (D:3)
113 creatures vanquished.

Notes
Turn   | Place    | Note
-------+----------+-------------------------------------------
     0 | D:1      | Asceticacid the Gnoll Hunter began the quest for the Orb.
     0 | D:1      | Reached XP level 1. HP: 20/20 MP: 1/1
   142 | D:1      | Reached XP level 2. HP: 26/26 MP: 2/2
   416 | D:1      | Found Fupnycw's Assorted Antiques.
   457 | D:1      | Reached XP level 3. HP: 31/31 MP: 3/3
   723 | D:2      | Reached skill level 1 in Invocations
   954 | D:2      | Reached skill level 1 in Short Blades
   954 | D:2      | Reached skill level 1 in Long Blades
   954 | D:2      | Reached skill level 1 in Axes
   954 | D:2      | Reached skill level 1 in Maces & Flails
   954 | D:2      | Reached skill level 1 in Polearms
   954 | D:2      | Reached skill level 1 in Staves
   954 | D:2      | Reached skill level 1 in Throwing
   954 | D:2      | Reached skill level 1 in Armour
   954 | D:2      | Reached skill level 1 in Shields
   954 | D:2      | Reached skill level 1 in Unarmed Combat
   954 | D:2      | Reached skill level 1 in Spellcasting
   954 | D:2      | Reached skill level 1 in Evocations
  1337 | D:2      | Reached skill level 1 in Shapeshifting
  1337 | D:2      | Reached XP level 4. HP: 38/38 MP: 5/5
  1530 | D:3      | Reached skill level 1 in Conjurations
  1530 | D:3      | Reached skill level 1 in Hexes
  1530 | D:3      | Reached skill level 1 in Summonings
  1530 | D:3      | Reached skill level 1 in Necromancy
  1530 | D:3      | Reached skill level 1 in Translocations
  1530 | D:3      | Reached skill level 1 in Fire Magic
  1530 | D:3      | Reached skill level 1 in Ice Magic
  1530 | D:3      | Reached skill level 1 in Air Magic
  1530 | D:3      | Reached skill level 1 in Earth Magic
  1530 | D:3      | Reached skill level 1 in Alchemy
  2084 | D:4      | Reached XP level 5. HP: 39/43 MP: 4/7
  2222 | D:4      | Reached XP level 6. HP: 14/50 MP: 6/8
  2460 | D:4      | Reached skill level 5 in Fighting
  2460 | D:4      | Reached skill level 5 in Dodging
  2852 | D:4      | Reached XP level 7. HP: 36/56 MP: 6/10
  3446 | D:5      | Entered Level 5 of the Dungeon
  3468 | D:5      | Reached skill level 9 in Ranged Weapons
  3959 | D:5      | Reached XP level 8. HP: 63/63 MP: 12/12
  4668 | D:6      | Noticed Jeremiah
  4742 | D:7      | Found Logaug's Jewellery Shop.
  4770 | D:7      | Noticed a wyvern
  4791 | D:7      | Killed a wyvern
  4894 | D:7      | HP: 2/64 [killer bee (4)]
  4907 | D:7      | HP: 3/64 [steam dragon (2)]
  4914 | D:7      | HP: 1/64 [killer bee (2)]
  4919 | D:7      | HP: 3/64 [killer bee (7)]
  4920 | D:7      | HP: 1/64 [poisoned by a killer bee]
  4927 | D:7      | HP: 2/64 [killer bee (8)]
  4929 | D:6      | Slain by a killer bee

Illustrated notes

Levels and vault maps discovered:
D:1:      co_arrival_random_square_maze, layout_basic, serial_shops, shop,
          serial_glass, glass_columns_b, glass_columns_b,
          nicolae_houndstooth_variations
D:2:      layout_basic, minmay_heptomino_d4
D:3:      layout_loops_cross
D:4:      layout_gridville, serial_undead, serial_undead_b, serial_undead_e,
          serial_undead_c, serial_undead_d, lightli_minifort
D:5:      layout_basic
D:6:      layout_rooms, serial_shops, shop, uniq_jeremiah
D:7:      layout_rooms, lemuel_round_altar, grunt_temple_overflow_diamond,
          mainiacjoe_overflow_boulevard, minmay_temple_entry_butterflies,
          gammafunk_ghost_split, kennysheep_decorative_pillar,
          minmay_shop_enchanted_jewellery

Skill      XL: |  1  2  3  4  5  6  7  8 |
---------------+-------------------------+-----
Invocations    | 1 2 3 |  3.9
Short Blades   | 1 2 3 |  3.5
Long Blades    | 1 2 3 |  3.5
Axes           | 1 2 3 |  3.5
Maces & Flails | 1 2 3 |  3.5
Polearms       | 1 2 3 |  3.5
Staves         | 1 2 3 |  3.5
Throwing       | 1 2 3 |  3.5
Armour         | 1 2 3 |  3.5
Shields        | 1 2 3 |  3.5
Unarmed Combat | 1 2 3 |  3.5
Spellcasting   | 1 2 3 |  3.5
Evocations     | 1 2 3 |  3.5
Shapeshifting  | 1 2 3 |  3.2
Conjurations   | 1 2 |  2.9
Hexes          | 1 2 |  2.9
Summonings     | 1 2 |  2.9
Necromancy     | 1 2 |  2.9
Translocations | 1 2 |  2.9
Fire Magic     | 1 2 |  2.9
Ice Magic      | 1 2 |  2.9
Air Magic      | 1 2 |  2.9
Earth Magic    | 1 2 |  2.9
Alchemy        | 1 2 |  2.9
Stealth        | 3 4 |  4.3
Fighting       | 5 |  5.8
Dodging        | 5 |  5.8
Ranged Weapons | 9 |  9.3

Action                     |  1- 3 |  4- 6 |  7- 9 || total
---------------------------+-------+-------+-------++-------
  Melee: Whip              |       |       |    18 ||    18
         Bite              |       |       |     2 ||     2
         Punch             |       |       |     1 ||     1
   Fire: Shortbow          |   104 |   176 |   182 ||   462
  Evoke: Wand              |       |     1 |     3 ||     4
    Use: Scroll            |     3 |       |     6 ||     9
         Potion            |       |       |     9 ||     9
   Stab: Paralysed         |       |       |     5 ||     5
         Invisible         |       |       |     2 ||     2
 Armour: Leather armour    |    11 |     2 |       ||    13
         Scale mail        |       |    89 |   176 ||   265
  Dodge: Dodged            |     7 |    76 |   156 ||   239

Table legend: (Time is in decaauts)
 A = Elapsed time spent in this place.
 B = Non-inter-level travel time spent in this place.
 C = Inter-level travel time spent in this place.
 D = Time resting spent in this place.
 E = Time spent auto-exploring this place.
 F = Levels seen in this place.
 G = Mean time per level.
                   A        B        C        D        E       F      G
               +--------+--------+--------+--------+--------+-----+--------+
         Total |   5001 |   4726 |    275 |    753 |   3014 |   7 |  714.4 |
       Dungeon |   5001 |   4726 |    275 |    753 |   3014 |   7 |  714.4 |
               +--------+--------+--------+--------+--------+-----+--------+

Top non-repeatable levels by time:
     D:4: 1315 daAuts
     D:5: 1020 daAuts
     D:2: 785 daAuts
     D:3: 753 daAuts
     D:1: 639 daAuts
     D:6: 298 daAuts
     D:7: 186 daAuts
